 Dungeon Crawl Stone Soup version 0.29.0-7-g18a832c13a (webtiles) character file.

Game seed: 561830987719681298

216 kd29 the Changer (level 5, -6/34 HPs)
             Began as an Octopode Transmuter on Aug 31, 2022.
             Splashed by a jelly's acid (9 damage)
             ... on level 4 of the Dungeon.
             The game lasted 00:05:27 (4038 turns).

kd29 the Changer (Octopode Transmuter)              Turns: 4038, Time: 00:05:30

Health: -6/34      AC: -7    Str:  9    XL:     5   Next: 93%
Magic:  7/8        EV: 13    Int: 17    God:
Gold:   258        SH:  0    Dex: 13    Spells: 2/9 levels left

rFire   . . .      SeeInvis .     - Unarmed
rCold   + . .      Faith    .   (no shield)
rNeg    . . .      Spirit   .   (helmet currently unavailable)
rPois   .          Reflect  .   (no amulet)
rElec   .          Harm     .   b - ring of protection from cold
rCorr   .          Rampage  .   (no ring)
Will    .....                   (no ring)
Stlth   ++........              (no ring)
HPRegen 0.11/turn               (no ring)
MPRegen 0.11/turn               (no ring)
                                (no ring)
                                (no ring)

@: appendages, corroded
A: tentacle spike 3, almost no armour, amphibious, 8 rings, camouflage 1,
gelatinous body 1, (nimble swimmer 1), tentacles
a: End Transformation


You were on level 4 of the Dungeon.
One of your tentacles had grown a beastly spike.
You visited 1 branch of the dungeon, and saw 4 of its levels.

You collected 258 gold pieces.

Inventory:

Jewellery
 b - a ring of protection from cold (left tentacle)
Scrolls
 c - a scroll of enchant armour {unknown}
 d - 2 scrolls of immolation {unknown}
 e - a scroll of poison {unknown}
 f - a scroll of magic mapping {unknown}
 h - a scroll of brand weapon {unknown}
 i - 3 scrolls of identify {unknown}
 n - 3 scrolls of vulnerability {unknown}
 r - a scroll of butterflies {unknown}
Potions
 a - a potion of lignification
 g - 4 potions of curing {unknown}
 j - a potion of attraction {unknown}
 k - a potion of mutation {unknown}
 l - 3 potions of berserk rage {unknown}
 m - a potion of heal wounds {unknown}
 o - 2 potions of might {unknown}
 p - a potion of resistance {unknown}
 q - a potion of degeneration {unknown}


   Skills:
 - Level 2.0 Fighting
 - Level 2.6 Dodging
 - Level 3.5 Unarmed Combat
 - Level 2.5 Spellcasting
 * Level 3.7 Transmutations
 * Level 2.3 Ice Magic


You had 2 spell levels left.
You knew the following spells:

 Your Spells              Type           Power      Damage    Failure   Level
a - Beastly Appendage     Tmut           30%        N/A       3%          1
b - Wereblood             Tmut           15%        N/A       6%          2
c - Ice Form              Ice/Tmut       12%        N/A       45%         4

Your spell library contained the following spells:

 Spells                   Type           Power      Damage    Failure   Level
 Spider Form              Tmut/Pois      8%         N/A       26%         3
 Dispersal                Tloc           1%         N/A       100%        6
 Disjunction              Tloc           1%         N/A       100%        8


Dungeon Overview and Level Annotations

Branches:
Dungeon (4/15)
 Temple: D:4-7

Altars:
Qazlal
The Shining One

Annotations:
D:2 1 runed translucent door, Crazy Yiuf
D:3 Sigmund


Innate Abilities, Weirdness & Mutations

One of your tentacles has grown a beastly spike.
You cannot wear most types of armour.
You are amphibious.
You can wear up to eight rings at the same time.
Your skin changes colour to match your surroundings (Stealth+).
Your rubbery body absorbs attacks. (AC +1, EV +1)
((You are camouflaged when in or above water. (Stealth+)))
You have tentacles for arms and can constrict up to eight enemies at once.


Message History

You see here a +0 whip.
r - a scroll labelled GAOJIT RUCWERI A jelly comes into view.
A jelly is nearby!
A jelly is nearby!
A jelly is nearby!
A jelly is nearby!
One of your tentacles grows a vicious spike.
The jelly quivers.
You tentacle-slap the jelly but do no damage.
Your tentacles burn!
You squeeze the jelly!
The jelly is heavily wounded.
The jelly hits you. The acid corrodes you!
You are splashed with acid!
You tentacle-slap the jelly but do no damage.
The acid corrodes you!
Your tentacles burn!
The jelly is heavily wounded.
The jelly hits you. The acid corrodes you!
You are splashed with acid!
* * * LOW HITPOINT WARNING * * *
You are too injured to fight recklessly!
You are too injured to fight recklessly!
You are too injured to fight recklessly!
You are too injured to fight recklessly!
You are too injured to fight recklessly!
You are too injured to fight recklessly!
You are too injured to fight recklessly!
You are too injured to fight recklessly!
You are too injured to fight recklessly!
You are too injured to fight recklessly!
You are too injured to fight recklessly!
You are too injured to fight recklessly!
You are too injured to fight recklessly!
A jelly is nearby!
You tentacle-slap the jelly but do no damage.
Your tentacles burn!
* * * LOW HITPOINT WARNING * * *
The jelly is heavily wounded.
The jelly hits you.
* * * LOW HITPOINT WARNING * * *
You are splashed with acid!
You die...

......#.#.
.....>....
........#.
.#.#.##.#
..).....# ###
##.###### ... #.#
#.# #.# #J#
#.#############@#
#.#.............#
##.#.###.##.#.####
##.....#.##.#.#
####.#......#.# ##
#.....####.# .#
#####......# .#
######## .#


You could see a jelly.

Vanquished Creatures
  An ogre (D:4)
  An orc wizard (D:4)
  An ufetubus (D:4)
  2 worms
  4 dart slugs
  4 orcs
  10 bats
  3 endoplasms
  A giant cockroach (D:1)
  13 goblins
  3 hobgoblins
  6 jackals (D:1)
  2 quokkas
  5 ball pythons
  4 frilled lizards
  11 kobolds
  2 rats (D:1)
73 creatures vanquished.

Notes
Turn   | Place    | Note
-------+----------+-------------------------------------------
     0 | D:1      | kd29 the Octopode Transmuter began the quest for the Orb.
     0 | D:1      | Reached XP level 1. HP: 13/13 MP: 3/3
   107 | D:1      | Found a faded altar of an unknown god.
   260 | D:1      | Reached XP level 2. HP: 11/18 MP: 5/5
   397 | D:1      | Learned a level 2 spell: Wereblood
   832 | D:1      | Reached XP level 3. HP: 23/23 MP: 4/6
  1622 | D:2      | Reached XP level 4. HP: 24/29 MP: 5/7
  1906 | D:2      | Found a runed translucent door.
  1907 | D:2      | Noticed Crazy Yiuf
  2122 | D:3      | Noticed Sigmund
  2148 | D:3      | Found a stormy altar of Qazlal.
  3060 | D:4      | Learned a level 4 spell: Ice Form
  3095 | D:4      | Found a glowing golden altar of the Shining One.
  3348 | D:4      | Reached skill level 1 in Ice Magic
  3348 | D:4      | Reached XP level 5. HP: 14/34 MP: 5/8
  3696 | D:4      | Noticed an ogre
  3703 | D:4      | Killed an ogre
  4038 | D:4      | Splashed by a jelly's acid

Illustrated notes

Levels and vault maps discovered:
D:1:      wheals_arrival_linesprint, layout_loops_cross,
          ebering_ecumenical_altar_hall
D:2:      layout_rooms, uniq_crazy_yiuf_cottage
D:3:      layout_rooms, mainiacjoe_overflow_catwalk, marbit_many_paths,
          serial_co_window_serial, co_window_paths_a, co_window_corner_a,
          co_window_paths_b, co_window_corner_a, co_window_paths_a,
          co_window_2corner, co_window_broadway_b, co_window_unsneaky_path_e,
          co_window_broadway_b, co_window_paths_c, co_window_broadway_a,
          glass_columns_b, columned_hall_lemuel, uniq_sigmund
D:4:      layout_loops_cross, kennysheep_little_box

Skill      XL: |  1  2  3  4  5 |
---------------+----------------+-----
Fighting       | 2 |  2.0
Transmutations | 3 |  3.7
Ice Magic      | 1 2 |  2.3
Dodging        | |  2.6
Unarmed Combat | |  3.5
Spellcasting   | |  2.5

Action                   |  1- 3 |  4- 6 || total
-------------------------+-------+-------++-------
Melee: Unarmed           |    81 |    66 ||   147
       Constrict         |    26 |    16 ||    42
       Tentacles         |    14 |    10 ||    24
       Kick              |    16 |    21 ||    37
       Punch             |     4 |     3 ||     7
 Cast: Beastly Appendage |    20 |    24 ||    44
       Wereblood         |     1 |     1 ||     2
 Stab: Sleeping          |     4 |     5 ||     9
Armor: Skin              |    13 |     3 ||    16
Dodge: Dodged            |    49 |    23 ||    72
